 Dungeon Crawl Stone Soup version 0.32-a0-575-gafe9d2b (webtiles) character file.

Game seed: 17601252324064482199

5161 MyPicaresque the Mimic (level 10, -17/83 HPs)
             Began as a Demigod Shapeshifter on Mar 1, 2024.
             Demolished by a two-headed ogre
             ... wielding a +0 giant club
              (26 damage)
             ... on level 10 of the Dungeon.
             The game lasted 00:24:33 (13012 turns).

MyPicaresque the Mimic (Demigod Shapeshifter)      Turns: 13012, Time: 00:24:34

Health: -17/83     AC:  2    Str: 15    XL:     10   Next: 12%
Magic:  13/13      EV: 17    Int: 18    God:
Gold:   339        SH:  0    Dex: 25    Spells: 9/9 levels left

rFire   + +          +
                       - Unarmed
rCold   . . .        (shield currently unavailable)
rNeg    . . .        a - melded +0 animal skin
rPois   .            p - +1 hat of the Foremost Tables {^Drain rElec rF++}
rElec   +            (no cloak)
rCorr   .            (no gloves)
SInv    .            x - +0 pair of boots
Will    +....        (no amulet)
Stlth   +            m - ring of protection from fire
HPRegen 0.33/turn    s - +6 ring of intelligence
MPRegen 0.13/turn

%: no passive effects
@: flux-form, glowing
A: glow, contaminating, high MP 1, forlorn, divine attributes
a: Begin Untransformation


You were on level 10 of the Dungeon.
You were something dangerously unstable.
You visited 1 branch of the dungeon, and saw 10 of its levels.

You collected 447 gold pieces.
You spent 108 gold pieces at shops.

Inventory:

Missiles
 l - 6 javelins
Armour
 a - a +0 animal skin (melded)
 i - a +2 cloak
 p - the +1 hat of the Foremost Tables (worn) {^Drain rElec rF++}
   (You found it on level 5 of the Dungeon)

   rF++:      It greatly protects you from fire.
   rElec:     It insulates you from electricity.
   ^Drain:    It drains your maximum health when unequipped.
 x - a +0 pair of boots (worn)
 B - +0 steam dragon scales
Jewellery
 m - a ring of protection from fire (left hand)
 s - a +6 ring of intelligence (right hand)
Talismans
 c - a beast talisman
 d - a flux talisman (active)
Scrolls
 f - 2 scrolls of blinking
 o - a scroll of teleportation
Potions
 b - a potion of ambrosia {unknown}
 e - 2 potions of magic
 h - a potion of enlightenment
 t - a potion of cancellation {unknown}
 u - 3 potions of curing
 C - a potion of haste {unknown}


   Skills:
 - Level 6.0 Fighting
 - Level 1.7 Dodging
 - Level 6.0 Unarmed Combat
 + Level 11.0 Shapeshifting


You had 9 spell levels left.
You didn't know any spells.
Your spell library contained the following spells:

 Spells                   Type           Power      Damage    Failure   Level
 Magic Dart               Conj           0%         1d3       22%         1
 Necrotise                Necr           0%         1d4       22%         1
 Blink                    Tloc           0%         N/A       32%         2
 Ensorcelled Hibernation  Hex/Ice        0%         N/A       32%         2
 Lesser Beckoning         Tloc           0%         N/A       32%         2
 Momentum Strike          Conj/Tloc      0%         3d8       32%         2
 Searing Ray              Conj           0%         2d4       32%         2
 Fugue of the Fallen      Necr           0%         N/A       54%         3
 Ozocubu's Armour         Ice            0%         N/A       54%         3
 Passwall                 Erth           0%         N/A       54%         3
 Swiftness                Air            0%         N/A       54%         3
 Vampiric Draining        Necr           0%         2d6       54%         3
 Anguish                  Hex/Necr       0%         N/A       91%         4
 Fulminant Prism          Conj/Alch      0%         3d5       91%         4
 Martyr's Knell           Necr/Summ      0%         N/A       91%         4
 Curse of Agony           Necr           0%         N/A       99%         5
 Metabolic Englaciation   Hex/Ice        0%         N/A       99%         5
 Sculpt Simulacrum        Ice/Alch       0%         N/A       100%        6


Dungeon Overview and Level Annotations

Branches:
Dungeon (10/15) Zot: 26481  Temple (0/1) D:6
   Lair: D:8-11         Orc: D:9-12

Shops:
D:2 *   D:4 !

Annotations:
D:9 1 runed translucent door


Innate Abilities, Weirdness & Mutations

You are something dangerously unstable.
You glow with magical radiation, making you easy to see and hit.
Foes you strike become dangerously contaminated with magical radiation.
You are incapable of wielding weapons or throwing items.
You have an increased reservoir of magic. (+10% MP)
You shall have no god before yourself.
Your divine heritage dramatically boosts your attributes as you level up.


Message History

The two-headed ogre begins to glow.
The two-headed ogre is lightly wounded.
The two-headed ogre barely misses you. x2
You hit the two-headed ogre.
The two-headed ogre glows dangerously bright.
The two-headed ogre is lightly wounded.
You hit the two-headed ogre.
The two-headed ogre shudders as magic cascades through it.
The two-headed ogre twists and deforms.
The two-headed ogre is lightly wounded.
The two-headed ogre barely misses you. The two-headed ogre misses you.
You hit the two-headed ogre.
The two-headed ogre begins to glow.
The two-headed ogre is lightly wounded.
The two-headed ogre hits you with a +0 giant club!!
The two-headed ogre completely misses you.
You take 30 HP, and have [40/83] HP !!!!!
HP Warning !!!!!
You hit the two-headed ogre.
The two-headed ogre glows dangerously bright.
The two-headed ogre is moderately wounded.
You hit the two-headed ogre.
The two-headed ogre shudders as magic cascades through it.
The two-headed ogre twists and deforms.
The two-headed ogre is moderately wounded.
The two-headed ogre closely misses you.
The two-headed ogre hits you with a +0 giant spiked club!
* * * LOW HITPOINT WARNING * * *
You take 16 HP, and have [24/83] HP You barely miss the two-headed ogre.
The two-headed ogre is moderately wounded.
You punch the two-headed ogre!
The two-headed ogre begins to glow.
The two-headed ogre is heavily wounded.
The two-headed ogre barely misses you. The two-headed ogre closely misses you.
You hit the two-headed ogre.
The two-headed ogre glows dangerously bright.
The two-headed ogre is heavily wounded.
The two-headed ogre hits you with a +0 giant club!
* * * LOW HITPOINT WARNING * * *
The two-headed ogre hits you with a +0 giant spiked club!!
You die...

#............#### #
#..##..#...### #.
#..##......#
..###..........#
#####.........###.##
!.........#.#......#
.....##....#......#
#..##..#####..#.#####
#>.Op............)...
#$.##..##.##..#.##.##
#. #..##.##..#.##.# #
#..##.......##.#
#>.#####..####.# #..#
#..# #.# .... ...#
#.# #..# ##..# #.#
...# #.#


You could see a two-headed ogre (heavy contam, misshapen).

Vanquished Creatures
  Erolcha (D:9)
  Maggie (D:9)
  A hornet (D:9)
  Grinder (D:7)
  Sigmund (D:2)
  A yak (D:10)
  A vampire (D:9)
  A wraith (D:10)
  A basilisk (D:7)
  2 wyverns
  2 steam dragons
  An acid dragon (D:9)
  A water moccasin (D:9)
  Duvessa (D:7)
  An ice beast (D:7)
  A sky beast (D:7)
  A black bear (D:5)
  2 centaurs
  3 lemures (D:7)
  A bullfrog (D:7)
  5 scorpions
  Dowan (D:7)
  7 killer bees
  3 electric eels (D:9)
  4 howler monkeys
  A bombardier beetle (D:5)
  6 hounds
  4 jellies
  4 sleepcaps
  3 orc priests
  A gnoll bouda (D:5)
  6 iguanas
  3 orc wizards
  2 human simulacra (D:7)
  7 adders
  3 white imps
  2 dart slugs
  2 ribbon worms (D:2)
  15 orcs
  11 endoplasms
  A giant cockroach (D:1)
  10 goblins
  6 hobgoblins
  2 jackals (D:1)
  4 kobolds
  5 quokkas
  6 ball pythons
  3 bats
  5 frilled lizards
  8 rats
165 creatures vanquished.

Vanquished Creatures (collateral kills)
  An electric eel (D:9)
1 creature vanquished.

Vanquished Creatures (others)
  An adder (D:9)
1 creature vanquished.

Grand Total: 167 creatures vanquished

Notes
Turn   | Place    | Note
-------+----------+-------------------------------------------
     0 | D:1      | MyPicaresque the Demigod Shapeshifter began the quest for
                  | the Orb.
     0 | D:1      | Reached XP level 1. HP: 15/15 MP: 3/3
   106 | D:1      | Reached skill level 1 in Fighting
   182 | D:1      | Reached skill level 3 in Shapeshifting
   351 | D:1      | Reached XP level 2. HP: 22/23 MP: 4/4
  1092 | D:2      | Found Pata's General Store.
  1184 | D:2      | Reached XP level 3. HP: 16/28 MP: 5/5
  1294 | D:2      | Reached skill level 4 in Shapeshifting
  1631 | D:2      | Bought a scroll of identify for 24 gold pieces
  1631 | D:2      | Bought a scroll of identify for 24 gold pieces
  1840 | D:2      | Noticed Sigmund
  1946 | D:2      | Bought a potion of enlightenment for 60 gold pieces
  2008 | D:3      | Reached XP level 4. HP: 27/35 MP: 6/6
  3307 | D:4      | Found Sasasah's Distillery.
  3449 | D:4      | Reached skill level 5 in Shapeshifting
  3644 | D:4      | Reached XP level 5. HP: 17/40 MP: 7/7
  3878 | D:4      | HP: 2/40 [poisoned by a scorpion]
  4160 | D:4      | Reached skill level 6 in Shapeshifting
  4160 | D:4      | Reached XP level 6. HP: 34/47 MP: 8/8
  4595 | D:5      | Entered Level 5 of the Dungeon
  5126 | D:5      | Reached skill level 7 in Shapeshifting
  5127 | D:5      | Reached XP level 7. HP: 28/55 MP: 9/9
  5519 | D:5      | Identified the +1 hat of the Foremost Tables {^Drain rElec
                  | rF++}
  6546 | D:6      | Found a staircase to the Ecumenical Temple.
  6727 | D:6      | Noticed Grinder
  7089 | D:2      | Killed Sigmund
  7090 | D:2      | Reached skill level 8 in Shapeshifting
  7304 | D:7      | Reached XP level 8. HP: 58/63 MP: 10/10
  7382 | D:7      | Noticed Dowan
  7528 | D:7      | Reached skill level 9 in Shapeshifting
  8199 | D:7      | Noticed Duvessa
  8233 | D:7      | Killed Duvessa
  8240 | D:7      | Killed Dowan
  8396 | D:7      | Killed Grinder
  8397 | D:7      | Reached skill level 10 in Shapeshifting
  8657 | D:7      | Noticed Pikel
  8659 | D:7      | Pikel changed into Pikel the basilisk
  8659 | D:7      | Noticed Pikel
  8677 | D:7      | Killed Pikel the basilisk
  8678 | D:7      | Reached XP level 9. HP: 48/71 MP: 11/11
  9442 | D:8      | Reached skill level 5 in Fighting
 10917 | D:9      | Noticed Erolcha
 10931 | D:9      | Killed Erolcha
 10932 | D:9      | Reached skill level 5 in Unarmed Combat
 11000 | D:9      | Paralysed by a hornet for 1 turns
 11003 | D:9      | HP: 1/75 [water moccasin (6)]
 11563 | D:9      | Found a runed translucent door.
 11564 | D:9      | Noticed a kobold demonologist
 11569 | D:9      | Noticed Maggie
 11996 | D:9      | Killed Maggie
 12289 | D:9      | Reached XP level 10. HP: 24/80 MP: 13/13
 12494 | D:10     | Entered Level 10 of the Dungeon
 12932 | D:10     | Reached skill level 11 in Shapeshifting
 12997 | D:10     | Noticed a two-headed ogre
 13012 | D:10     | Demolished by a two-headed ogre

Illustrated notes

Levels and vault maps discovered:
D:1:      heliophobic_arrival_dark_side_of_the_moon, layout_basic,
          serial_corexii_hall, corexii_hall_statues_u,
          chequers_hall_statues_corner_a, corexii_hall_statues_s,
          chequers_hall_statues_corner_a, chequers_hall_statues_wall_a,
          chequers_hall_statues_corner_a
D:2:      layout_basic, serial_shops, nicolae_shop_window_shopping,
          minmay_misc_feat_cross, uniq_sigmund
D:3:      layout_loops_corners, shapermc_ecumenical_altar_totnotflames,
          grunt_decor_clamped
D:4:      layout_layer_cave, serial_shops, nicolae_shop_window_shopping
D:5:      layout_basic, nzn_wu_jian_contemplation,
          nicolae_tso_swordbearing_angel, kennysheep_decorative_pillar,
          minmay_fractal_squares_diagonal_5
D:6:      layout_rooms, minmay_temple_entry_enclosed_plants, moated_statue,
          uniq_grinder
D:7:      layout_gridville, amcnicky_altar_gilded, kennysheep_little_box,
          minivault_5, bh_circular_ruins, uniq_pikel, uniq_duvessa
D:8:      layout_loops_corners
D:9:      layout_roguey, ashenzari_conservatory_becter, minmay_st_funbox,
          hangedman_decor_growths, kennysheep_boxes, uniq_maggie, uniq_erolcha
D:10:     layout_basic, brannock_xom_greatest_gift, mainiacjoe_overflow_catwalk,
          kennysheep_mini_moat, lightli_temple_of_fire,
          nemelex_spade_bored_becter, minmay_lair_entry_lava, hiddenorc1_lemuel,
          minmay_misc_feat_encased, nicolae_titane

Skill      XL: |  1  2  3  4  5  6  7  8  9 10 |
---------------+-------------------------------+-----
Fighting       | 1 2 3 4 6 |  6.0
Shapeshifting  | 3 4 5 6 7 8 10 11 | 11.0
Unarmed Combat | 3 6 |  6.0
Dodging        | |  1.7

Action                     |  1- 3 |  4- 6 |  7- 9 | 10-12 || total
---------------------------+-------+-------+-------+-------++-------
  Melee: Unarmed           |   135 |   142 |   381 |    44 ||   702
         Punch             |     5 |     3 |     1 |       ||     9
  Throw: Javelin           |       |    10 |     2 |       ||    12
  Evoke: Wand              |       |     4 |    39 |       ||    43
    Use: Scroll            |     1 |     3 |    11 |     1 ||    16
         Potion            |       |     2 |     4 |       ||     6
   Stab: Sleeping          |       |     2 |       |       ||     2
         Paralysed         |       |       |     2 |       ||     2
 Armour: Animal skin       |    57 |    96 |       |       ||   153
         Skin              |       |     2 |   223 |    36 ||   261
  Dodge: Dodged            |    78 |    68 |   329 |    36 ||   511
   Form: Flux              |       |       |     1 |       ||     1

Table legend: (Time is in decaauts)
 A = Elapsed time spent in this place.
 B = Non-inter-level travel time spent in this place.
 C = Inter-level travel time spent in this place.
 D = Time resting spent in this place.
 E = Time spent auto-exploring this place.
 F = Levels seen in this place.
 G = Mean time per level.
                   A        B        C        D        E       F      G
               +--------+--------+--------+--------+--------+-----+--------+
         Total |  13016 |  12336 |    680 |    721 |   9614 |  10 | 1301.6 |
       Dungeon |  13016 |  12336 |    680 |    721 |   9614 |  10 | 1301.6 |
               +--------+--------+--------+--------+--------+-----+--------+

Top non-repeatable levels by time:
     D:8: 1974 daAuts
     D:7: 1876 daAuts
     D:5: 1781 daAuts
     D:4: 1603 daAuts
     D:9: 1357 daAuts
     D:3: 1124 daAuts
     D:1: 1094 daAuts
     D:2: 1009 daAuts
     D:6: 678 daAuts
    D:10: 515 daAuts
